 Dungeon Crawl Stone Soup version 0.21-a0-528-gf531e82 (webtiles) character file.

65 slep the Chopper (level 3, -2/27 HPs)
             Began as a Demonspawn Gladiator on Dec 9, 2017.
             Slain by an adder (3 damage)
             ... on level 2 of the Dungeon.
             The game lasted 00:03:15 (951 turns).

slep the Chopper (Demonspawn Gladiator)              Turns: 951, Time: 00:03:16

Health: -2/27      AC:  6    Str: 15    XL:     3   Next: 94%
Magic:  3/3        EV: 13    Int:  9    God:
Gold:   19         SH:  0    Dex: 14    Spells: 2/2 levels left

rFire    . . .     SeeInvis .   a - +0 war axe
rCold    . . .     Gourm    .   (no shield)
rNeg     . . .     Faith    .   b - +0 leather armour
rPois    .         Spirit   .   c - +0 helmet
rElec    .         Reflect  .   (no cloak)
rCorr    .         Harm     .   (no gloves)
MR       .....                  (no boots)
Stlth    +.........             (no amulet)
HPRegen  0.09/turn              (no ring)
MPRegen  0.08/turn              (no ring)

@: lethally poisoned (-2 -> -8)
A: hooves 1, icy blue scales 1
a: no special abilities


You were on level 2 of the Dungeon.
You were hungry.

You visited 1 branch of the dungeon, and saw 2 of its levels.

You collected 19 gold pieces.

Inventory:

Hand Weapons
 a - a +0 war axe (weapon)
Missiles
 d - 3 throwing nets (quivered)
Armour
 b - a +0 leather armour (worn)
 c - a +0 helmet (worn)
Jewellery
 i - a cursed ring of loudness {unknown}
Scrolls
 e - a scroll of teleportation {unknown}
 g - 2 scrolls of identify {unknown}
 j - 2 scrolls of magic mapping {unknown}
Potions
 h - a potion of mutation {unknown}
 k - a potion of curing {unknown}
 l - a potion of degeneration {unknown}
 m - a potion of haste {unknown}
Comestibles
 f - a bread ration
 n - a meat ration


   Skills:
 + Level 2.3 Fighting
 + Level 3.5 Axes
 + Level 1.9 Throwing
 + Level 0.4 Armour
 + Level 3.3 Dodging
 + Level 0.1 Stealth


You had 2 spell levels left.
You didn't know any spells.

Dungeon Overview and Level Annotations

Branches:
Dungeon (2/15)

Altars:


Innate Abilities, Weirdness & Mutations

You have large cloven feet.
You are partially covered in icy blue scales. (AC +2)


Message History

The adder is severely wounded.
You feel sick. The adder closely misses you. The adder bites you.
* * * LOW HITPOINT WARNING * * *
You are lethally poisoned!
The adder poisons you!
You barely miss the adder.
The adder is severely wounded.
* * * LOW HITPOINT WARNING * * *
You feel sick. The adder bites you but does no damage.
You closely miss the adder. You kick the adder.
The adder is severely wounded.
* * * LOW HITPOINT WARNING * * *
You feel sick. The adder bites you.
* * * LOW HITPOINT WARNING * * *
The adder barely misses you.
You closely miss the adder. You kick the adder, but do no damage.
The adder is severely wounded.
* * * LOW HITPOINT WARNING * * *
You feel sick. The adder bites you.
You die...

#....#....).......#
#......#.#.####.#.#
#...#......####.#.#
#...#.##...........
#.....#########.#.#
##..#.# #.#.#
#.....# ... #
#...### #.## #.@.#
#.# #.S.# #.# #...#
#.# #.... #..###
#..# #..# #..#


You could see an adder.

Vanquished Creatures
  A gnoll (D:1)
  An adder (D:2)
  A worm (D:2)
  A dart slug (D:1)
  A leopard gecko (D:1)
  7 bats
  A goblin (D:1)
  3 hobgoblins (D:1)
  6 jackals (D:1)
  2 quokkas (D:2)
  2 frilled lizards
  6 kobolds
  8 rats
40 creatures vanquished.

Notes
Turn   | Place    | Note
-------+----------+-------------------------------------------
     0 | D:1      | slep the Demonspawn Gladiator began the quest for the Orb.
     0 | D:1      | Reached XP level 1. HP: 16/16 MP: 1/1
   109 | D:1      | Gained mutation: You are partially covered in icy blue scales. (AC +2) [demonic ancestry]
   109 | D:1      | Reached XP level 2. HP: 18/22 MP: 2/2
   228 | D:1      | Gained mutation: You have large cloven feet. [demonic ancestry]
   228 | D:1      | Reached XP level 3. HP: 17/27 MP: 3/3
   951 | D:2      | HP: 1/27 [poisoned by an adder]
   951 | D:2      | Slain by an adder

Vault maps used:
D:1:      dpeg_arrival_line_fractal, kennysheep_boxes

Skill      XL: |  1 |
---------------+----+-----
Axes           | 3 |  3.5
Dodging        | 3 |  3.3
Fighting       | |  2.3
Throwing       | |  1.9
Armour         | |  0.4
Stealth        | |  0.1

Action                   || total
-------------------------++-------
Melee: War axe           ||   127
       Kick              ||    14
 Stab: Sleeping          ||     1
Armor: Leather armour    ||    46
Dodge: Dodged            ||   129

Table legend:
 A = Spawn XP
 B = Non-spawn XP
 C = Spawn XP percentage of total XP
 D = Spawn monster count
 E = Non-spawn monster count
 F = Spawn count percentage of total count
 G = Total turns spent on level
                    A         B        C        D         E        F      G
               +---------+---------+-------+---------+---------+-------+---------
         Total |       0 |      94 |   0.0 |       0 |      40 |   0.0 |   951
               +---------+---------+-------+---------+---------+-------+---------
           D:1 |       0 |      65 |   0.0 |       0 |      31 |   0.0 |   825
           D:2 |       0 |      29 |   0.0 |       0 |       9 |   0.0 |   126
               +---------+---------+-------+---------+---------+-------+---------
